 Dungeon Crawl Stone Soup version 0.20-a0-656-g9b0dcd9 (webtiles) character file.

259 Chiseanne the Nimble (level 5, -6/28 HPs)
             Began as a Spriggan Gladiator on Feb 16, 2017.
             Killed by divine providence
             ... invoked by an orc priest
              (12 damage)
             ... on level 3 of the Dungeon.
             The game lasted 00:05:33 (3474 turns).

Chiseanne the Nimble (Spriggan Gladiator)           Turns: 3474, Time: 00:05:34

Health: -6/28      AC:  2    Str: 10    XL:     5   Next: 95%
Magic:  6/6        EV: 25    Int:  9    God:
Gold:   85         SH:  5    Dex: 19    Spells: 4/4 levels left

rFire    . . .     SeeInvis +   a - +2 dagger (elec)
rCold    . . .     Gourm    .   b - +0 robe
rNeg     . . .     Faith    .   (shield restricted)
rPois    .         Spirit   .   c - +0 hat
rElec    .         Reflect  +   (no cloak)
rCorr    .         Harm     .   (gloves unavailable)
MR       .....                  (boots unavailable)
Stlth    ++........             i - +5 amulet of reflection
Regen    0.1/turn               (no ring)
MPRegen  0.1/turn               (no ring)

@: very quick
A: unfitting armour, see invisible, herbivore 3, speed 3, slow metabolism 2
a: no special abilities


You were on level 3 of the Dungeon.
You were not hungry.

You visited 1 branch of the dungeon, and saw 3 of its levels.

You collected 85 gold pieces.

Inventory:

Hand Weapons
 a - a +2 dagger of electrocution (weapon)
 o - a +0 hunting sling
 s - a +0 long sword
Missiles
 d - 3 throwing nets (quivered)
 e - 166 stones
 g - 83 sling bullets
 h - 13 arrows
 k - 14 poisoned needles
Armour
 b - a +0 robe (worn)
 c - a +0 hat (worn)
Jewellery
 i - a +5 amulet of reflection (around neck)
Wands
 n - a wand of lightning (7/15)
Scrolls
 p - 3 scrolls of remove curse
Potions
 j - a potion of might {unknown}
 l - 2 potions of curing {unknown}
 m - a potion of resistance {unknown}
 q - a potion of agility {unknown}
 r - a potion of berserk rage
Comestibles
 f - 3 bread rations


   Skills:
 + Level 3.2 Fighting
 - Level 2.4 Long Blades
 - Level 2.0 Throwing
 * Level 8.3 Dodging


You had 4 spell levels left.
You didn't know any spells.

Dungeon Overview and Level Annotations

Branches:
Dungeon (3/15)

Altars:
Dithmenos
Fedhas
Trog
The Shining One


Innate Abilities, Weirdness & Mutations

You are very small and have problems with some larger weapons.
You are too small for most types of armour.
You have supernaturally acute eyesight. (SInv)
You are a herbivore.
You cover ground extremely quickly.
You need consume almost no food.


Message History

The orc priest invokes the aid of Beogh against you.
Pain shoots through your body!
You hit the orc priest.
The orc priest is heavily wounded.
The orc priest mumbles some strange prayers to Beogh against you.
Pain shoots through your body!
Ouch! That really hurt!
* * * LOW HITPOINT WARNING * * *
You barely miss the orc priest.
The orc priest is heavily wounded.
The orc priest completely misses you.
You hit the orc priest.
The orc priest is severely wounded.
The orc priest hits you but does no damage.
The orc completely misses you.
You hit the orc priest.
The orc priest is almost dead.
The orc priest mumbles some strange prayers to Beogh against you.
Beogh smites you!
You die...

###### #....# #....#
#########....#########.
.......#......#........
.......'......oo.......
.......#.....@#......o.
#########....#########.
#....# #....#
#######''######
≈≈≈≈≈≈.....≈≈≈≈≈
≈≈≈≈≈≈....≈≈≈≈≈≈
≈≈≈≈≈≈.....≈≈≈≈≈
..≈.≈≈.....≈..≈≈


You could see an orc priest and an orc.

Vanquished Creatures
  Jessica (D:2)
  Ijyb (D:3)
  Natasha (D:2)
  A gnoll (D:3)
  7 adders
  5 worms
  2 dart slugs (D:1)
  2 leopard geckos
  5 orcs (D:3)
  A ball python (D:2)
  3 giant cockroaches
  14 goblins
  11 hobgoblins
  7 jackals
  9 kobolds
  3 quokkas
  5 bats
  A frilled lizard (D:2)
  7 rats
86 creatures vanquished.

Notes
Turn   | Place    | Note
-------+----------+-------------------------------------------
     0 | D:1      | Chiseanne the Spriggan Gladiator began the quest for the Orb.
     0 | D:1      | Reached XP level 1. HP: 10/10 MP: 2/2
   288 | D:1      | Reached XP level 2. HP: 15/15 MP: 3/3
   425 | D:1      | Reached skill level 5 in Dodging
  1261 | D:1      | Reached XP level 3. HP: 16/18 MP: 4/4
  1620 | D:2      | Reached skill level 6 in Dodging
  1847 | D:2      | Reached XP level 4. HP: 16/23 MP: 5/5
  2264 | D:2      | Noticed Jessica
  2273 | D:2      | Killed Jessica
  2273 | D:2      | Reached skill level 7 in Dodging
  2275 | D:2      | Reached XP level 5. HP: 27/27 MP: 6/6
  2359 | D:2      | Noticed Natasha
  2389 | D:2      | Killed Natasha
  2833 | D:3      | Noticed Ijyb
  2842 | D:3      | Killed Ijyb
  3036 | D:2      | Found a blossoming altar of Fedhas.
  3036 | D:2      | Found a bloodstained altar of Trog.
  3036 | D:2      | Found a shadowy altar of Dithmenos.
  3036 | D:2      | Found a glowing golden altar of the Shining One.
  3191 | D:3      | Reached skill level 8 in Dodging
  3474 | D:3      | Killed from afar by an orc priest

Vault maps used:
D:1:      minmay_arrival_shattered_statue
D:2:      nicolae_overflow_hidden_temple, uniq_jessica, uniq_natasha
D:3:      minmay_goblin_kobold_castle, uniq_iyjb

Skill      XL: |  1  2  3  4  5 |
---------------+----------------+-----
Dodging        | 5 6 7 8 |  8.3
Fighting       | 2 3 |  3.2
Long Blades    | |  2.4
Throwing       | |  2.0

Action                   |  1- 3 |  4- 6 || total
-------------------------+-------+-------++-------
Melee: Long sword        |    52 |       ||    52
       Dagger            |    52 |   163 ||   215
  Use: Scroll            |     3 |     2 ||     5
       Potion            |       |     1 ||     1
 Stab: Sleeping          |     2 |       ||     2
  Eat: Royal jelly       |       |     1 ||     1
Armor: Robe              |     5 |     7 ||    12
Dodge: Dodged            |    69 |   103 ||   172
Block: Other             |    15 |    27 ||    42
       Reflection        |     1 |     1 ||     2
       Rpst.: Long sword |     6 |       ||     6
